 Dungeon Crawl Stone Soup version 0.24.0-13-gcf9b3192b9 (webtiles) character file.

Game seed: 4930995964880990186, levelgen mode: deterministic

2720 tilp the Fighter (level 9, -2/60 HPs)
             Began as a Gargoyle Earth Elementalist on Nov 8, 2019.
             Was a Believer of Vehumet.
             Shot with a sling bullet by Joseph (7 damage)
             ... on level 7 of the Dungeon.
             The game lasted 00:22:37 (9070 turns).

tilp the Fighter (Gargoyle Earth Elementalist)      Turns: 9070, Time: 00:22:38

Health: -2/60      AC:  9    Str: 11    XL:     9   Next: 66%
Magic:  2/15       EV: 21    Int: 20    God:    Vehumet [**....]
Gold:   426        SH:  0    Dex: 15    Spells: 5/16 levels left

rFire    . . .     SeeInvis .   B - +2 whip (flame)
rCold    . . .     Gourm    .   (no shield)
rNeg     + . .     Faith    .   e - +0 leather armour
rPois    ∞         Spirit   .   (no helmet)
rElec    +         Reflect  .   (no cloak)
rCorr    .         Harm     .   (no gloves)
MR       .....                  (no boots)
Stlth    +++.......             (no amulet)
HPRegen  0.20/turn              (no ring)
MPRegen  0.14/turn              (no ring)

@: agile, marked, very slightly contaminated, invisible
A: negative energy resistance 1, electricity resistance, unbreathing,
petrification resistance, rot immunity, AC +6
a: Renounce Religion


You were on level 7 of the Dungeon.
You worshipped Vehumet.
Vehumet was pleased with you.
You were not hungry.

You visited 2 branches of the dungeon, and saw 8 of its levels.
You also visited: Sewer.

You collected 426 gold pieces.

Inventory:

Hand Weapons
 c - a +1 spear
 A - a +2 scimitar of holy wrath
 B - a +2 whip of flaming (weapon)
Missiles
 a - 34 poisoned darts
 b - 115 stones
 g - 3 silver boomerangs
 t - 18 boomerangs (quivered)
 v - 2 throwing nets
 y - 24 sling bullets
Armour
 e - a +0 leather armour (worn)
Jewellery
 n - a +3 ring of dexterity {unknown}
 s - an uncursed ring of protection from fire {unknown}
 u - a cursed ring of teleportation {unknown}
 x - an uncursed ring of wizardry {unknown}
 H - an uncursed ring of positive energy {unknown}
Wands
 I - a wand of scattershot (1)
Scrolls
 i - 2 scrolls of immolation
 l - a scroll of blinking {unknown}
 D - a scroll of torment {unknown}
 E - a scroll of magic mapping
 F - 2 scrolls of enchant weapon
Potions
 f - a potion of brilliance
 h - a potion of mutation
 k - a potion of agility
 o - a potion of heal wounds
 p - 4 potions of curing
 q - a potion of cancellation
 r - a potion of resistance {unknown}
 w - 4 potions of flight
 z - a potion of lignification {unknown}
 C - a potion of magic {unknown}
Comestibles
 d - 11 rations
 G - 11 chunks of flesh


   Skills:
 - Level 8.6 Fighting
 - Level 6.8 Dodging
 - Level 4.0 Stealth
 - Level 4.0 Spellcasting
 - Level 0.7 Transmutations
 + Level 6.3 Earth Magic


You had 5 spell levels left.
You knew the following spells:

 Your Spells              Type           Power        Failure   Level  Hunger
a - Sandblast             Erth           ####..       1%          1    None
b - Passwall              Tmut/Erth      ###.....     6%          2    #......
c - Stone Arrow           Conj/Erth      ###...       14%         3    ###....
d - Lee's Rapid Deconstr  Erth           ####......   34%         5    ######.

Your spell library contained the following spells:

 Spells                   Type           Power        Failure   Level  Hunger
 Throw Flame              Conj/Fire      #.....       26%         2    #......
 Shock                    Conj/Air       #...         17%         1    None
 Swiftness                Chrm/Air       #.......     26%         2    #......
 Petrify                  Tmut/Erth      ###.....     36%         4    ####...
 Static Discharge         Conj/Air       #.......     45%         3    ###....
 Airstrike                Air            #.........   86%         4    ####...
 Lightning Bolt           Conj/Air       #.........   99%         5    ######.


Dungeon Overview and Level Annotations

Branches:
Dungeon (7/15)             Temple (1/1) D:4           Sewer (visited)

Altars:
Ashenzari
Cheibriados
Dithmenos
Elyvilon
Fedhas
Gozag
Hepliaklqana
Kikubaaqudgha
Makhleb
Nemelex Xobeh
Okawaru
Qazlal
Ru
Sif Muna
Trog
Uskayaw
Vehumet
Wu Jian
Xom
Yredelemnul
Zin
The Shining One

Annotations:
D:2 Sigmund
D:7 Harold, Joseph


Innate Abilities, Weirdness & Mutations

You are resistant to torment.
Your stone body is resilient. (AC +6)
You are immune to poison.
You resist negative energy. (rN+)
You are resistant to electric shocks. (rElec)
You can survive without breathing.
You are immune to petrification.
You are immune to rotting.


Message History

You see here a throwing net.
You struggle against the net.
You struggle against the net.
Joseph zaps a wand.
The adder suddenly stops moving!
Harold barely misses you.
You struggle against the net.
Harold hits you with a cursed -3 short sword.
* * * LOW HITPOINT WARNING * * *
You rip the net and break free!
Joseph shoots a sling bullet.
The sling bullet hits the adder!
The adder dies!
Harold gestures at you while chanting.
You barely resist.
Harold throws a throwing net.
The throwing net misses you.
You see here a throwing net.
Unknown command.
Harold casts a spell at you. The mark upon you grows brighter.
Harold thinks, and says "Perhaps I'll take up hiking after I'm done here..."
Joseph shoots a sling bullet.
The sling bullet hits you!
You die...

#################
.........)......#
###############.#
#.# #.##########
#.@..@.....#
#..........#
#..........#
#.#'####@###
#######.#.# #.#
#.. ..#
#.......#.# #@#
#.# #.#
#.......#.# #(#
#.# #.#
#.......#.####@#
#.###.##
#######...@.(..#
#.##....


You could see Harold and Joseph.

Vanquished Creatures
  Pikel (D:5)
  A hippogriff (D:4)
  An ice beast (D:3)
  3 sky beasts
  2 phantoms
  A necrophage (D:7)
  An ogre (D:7)
  2 centaurs
  A big kobold (Sewer)
  A scorpion (D:6)
  3 howler monkeys
  3 crimson imps (D:6)
  A jelly (D:5)
  3 hounds
  2 centaur skeletons
  An orc priest (D:3)
  3 orc wizards
  Jessica (D:2)
  2 iguanas
  5 worker ants
  4 gnolls
  4 river rats
  14 adders
  2 shadow imps
  2 oozes
  An adder zombie (D:7)
  4 adder skeletons
  3 worms (D:3)
  3 dart slugs
  9 leopard geckos
  22 orcs
  A ball python (D:3)
  6 bats
  5 giant cockroaches
  9 hobgoblins
  24 jackals
  A quokka (D:2)
  7 frilled lizards
  4 goblins
  17 kobolds
  12 rats
192 creatures vanquished.

Vanquished Creatures (others)
  An adder (D:7)
  A jackal (D:5)
2 creatures vanquished.

Grand Total: 194 creatures vanquished

Notes
Turn   | Place    | Note
-------+----------+-------------------------------------------
     0 | D:1      | tilp the Gargoyle Earth Elementalist began the quest for
                  | the Orb.
     0 | D:1      | Reached XP level 1. HP: 10/10 MP: 3/3
   121 | D:1      | Reached XP level 2. HP: 9/15 MP: 0/5
   570 | D:1      | Reached XP level 3. HP: 19/19 MP: 6/6
   574 | D:1      | Learned a level 2 spell: Passwall
   578 | D:1      | Learned a level 3 spell: Stone Arrow
   590 | D:1      | Reached skill level 5 in Earth Magic
  1340 | D:2      | Reached XP level 4. HP: 24/24 MP: 7/7
  1619 | D:2      | Noticed Jessica
  1624 | D:2      | Killed Jessica
  1743 | D:2      | Noticed Sigmund
  1896 | D:2      | Found a glowing golden altar of the Shining One.
  1897 | D:2      | Reached XP level 5. HP: 28/28 MP: 8/8
  2044 | D:3      | Reached skill level 1 in Fighting
  2235 | D:3      | Found a glowing drain.
  2352 | Sewer    | Entered a sewer
  2375 | Sewer    | Reached XP level 6. HP: 16/35 MP: 0/10
  2710 | Sewer    | Reached skill level 2 in Fighting
  2814 | Sewer    | Found a white marble altar of Elyvilon.
  2992 | D:3      | Noticed an ice beast
  3006 | D:3      | Killed an ice beast
  3541 | D:3      | Learned a level 5 spell: Lee's Rapid Deconstruction
  3600 | D:4      | Reached XP level 7. HP: 29/40 MP: 9/11
  3736 | D:4      | Reached skill level 3 in Fighting
  3769 | D:4      | Found a staircase to the Ecumenical Temple.
  3783 | Temple   | Entered the Ecumenical Temple
  3955 | Temple   | Became a worshipper of Vehumet
  4799 | D:4      | Noticed a hippogriff
  4918 | D:4      | Killed a hippogriff
  4918 | D:4      | Reached skill level 4 in Fighting
  5040 | D:5      | Entered Level 5 of the Dungeon
  5433 | D:5      | Reached XP level 8. HP: 34/48 MP: 11/14
  5505 | D:5      | Noticed Pikel
  5516 | D:5      | Killed Pikel
  5516 | D:5      | Reached skill level 6 in Fighting
  5626 | D:5      | Reached skill level 5 in Dodging
  5728 | D:5      | Reached * piety under Vehumet
  5728 | D:5      | Offered knowledge of Freeze by Vehumet.
  6676 | D:6      | Reached skill level 7 in Fighting
  6676 | D:6      | Reached XP level 9. HP: 40/57 MP: 15/15
  7561 | D:6      | Reached skill level 8 in Fighting
  7780 | D:6      | Reached ** piety under Vehumet
  7782 | D:6      | Offered knowledge of Throw Flame by Vehumet.
  8713 | D:7      | Noticed Joseph
  8723 | D:7      | Noticed Harold
  9059 | D:7      | HP: 3/60 [Harold/cursed -3 short sword (3)]
  9070 | D:7      | Shot with a sling bullet by Joseph

Levels and vault maps discovered:
D:1:      dpeg_arrival_tiny_e, layout_basic, minmay_misc_feat_square,
          skrybe_limestone_x
D:2:      layout_loops_ring, nicolae_tso_swordbearing_angel, uniq_sigmund,
          uniq_jessica
D:3:      layout_loops_cross, first_ration, gup_sewer_entry_bubbles
D:4:      layout_basic, minmay_temple_entry_waves
D:5:      layout_loops_corners, serial_bayou, serial_bayou_pond_b,
          serial_bayou_lake_a, serial_bayou_pond_c, serial_bayou_lagoon_a,
          uniq_pikel
D:6:      layout_loops_corners, st_stairs_9
D:7:      layout_basic, uniq_joseph, uniq_harold
Temple:   minmay_crystal_snake_temple

Skill      XL: |  1  2  3  4  5  6  7  8  9 |
---------------+----------------------------+-----
Earth Magic    | 4 5 6 |  6.3
Fighting       | 1 2 4 7 8 |  8.6
Dodging        | 2 3 5 6 |  6.8
Stealth        | 3 4 |  4.0
Spellcasting   | 3 4 |  4.0
Transmutations | |  0.7

Action                   |  1- 3 |  4- 6 |  7- 9 || total
-------------------------+-------+-------+-------++-------
Melee: Spear             |   110 |   217 |   172 ||   499
       Whip              |       |       |   315 ||   315
Throw: Boomerang         |       |     4 |     4 ||     8
 Cast: Sandblast         |    11 |    25 |    66 ||   102
       Passwall          |     2 |       |       ||     2
       Stone Arrow       |       |    12 |    13 ||    25
Evoke: Wand              |       |       |     2 ||     2
  Use: Scroll            |       |     7 |     8 ||    15
       Potion            |       |       |     4 ||     4
 Stab: Sleeping          |     2 |     7 |     6 ||    15
       Invisible         |       |       |     1 ||     1
  Eat: Chunk             |       |    11 |    16 ||    27
       Ration            |       |       |     1 ||     1
Armor: Leather armour    |    58 |    79 |   224 ||   361
Dodge: Dodged            |    60 |   140 |   380 ||   580
